 Dungeon Crawl Stone Soup version 0.27.1 (webtiles) character file.

Game seed: 11008125537096152753

8728 Malachi the Cruncher (level 11, -9/75 HPs)
             Began as a Demonspawn Fire Elementalist on Aug 25, 2021.
             Was a Believer of Vehumet.
             Killed by the air
             ... invoked by Gastronok
              (33 damage)
             ... on level 12 of the Dungeon.
             The game lasted 00:23:32 (15761 turns).

Malachi the Cruncher (DsFE)                        Turns: 15761, Time: 00:23:32

Health: -9/75      AC: 18    Str: 12    XL:     11   Next: 13%
Magic:  15/15      EV:  2    Int: 22    God:    Vehumet [**....]
Gold:   541        SH:  0    Dex: 14    Spells: 15/16 levels left

rFire    + + +     SeeInvis .   b - +9 staff of Olgreb {rPois∞}
rCold    . . .     Faith    .   (no shield)
rNeg     . . .     Spirit   .   q - +0 plate armour
rPois    ∞         Reflect  .   n - +1 helmet
rElec    .         Harm     .   d - +1 cloak of Hide-and-Seek {rF++}
rCorr    .         Rampage  .   (no gloves)
Will     .....                  (boots unavailable)
Stlth    ..........             g - amulet of magic regeneration
HPRegen  0.22/turn              r - ring "Xuacvish" {Fly rF+}
MPRegen  0.39/turn              o - +4 ring of protection

@: flying
A: hooves 3, spiny 1, big brain 1, demonic magic 1, strong 2, wild magic 1,
MP-powered wands
a: Renounce Religion


You were on level 12 of the Dungeon.
You worshipped Vehumet.
Vehumet was pleased with you.
You visited 2 branches of the dungeon, and saw 13 of its levels.

You collected 541 gold pieces.

Inventory:

Hand Weapons
 b - the +9 staff of Olgreb (weapon) {rPois∞}
   (You found it on level 4 of the Dungeon)

   If the wielder is skilled in Evocations, they can envenom those struck by it,
   dealing poison damage which bypasses armour.
   It enhances your poison magic.
   It grants immunity to poison.
   It can be evoked to radiate toxic energy, with effectiveness depending on
   Evocations skill.
 l - a +1 dagger of venom
 C - the +5 quarterstaff "Giantbane" {elec, rPois rN+++ Int+4 Dex-2}
   (You found it on level 6 of the Dungeon)

   It occasionally discharges a powerful burst of electricity upon striking a
   foe.
   Int:       It affects your intelligence (+4).
   Dex:       It affects your dexterity (-2).
   rPois:     It protects you from poison.
   rN:        It renders you almost immune to negative energy.
Missiles
 w - 2 throwing nets
Armour
 a - a +0 robe
 d - the +1 cloak of Hide-and-Seek (worn) {rF++}
   (You acquired it on level 11 of the Dungeon)

   rF:        It greatly protects you from fire.
 n - a +1 helmet (worn)
 q - a +0 plate armour (worn)
 I - a scarf of resistance
Magical Staves
 A - a staff of death
Jewellery
 e - a +6 ring of dexterity
 f - an amulet of guardian spirit
 g - an amulet of magic regeneration (around neck)
 h - a +6 ring of intelligence
 i - a ring of ice
 k - a ring of fire
 o - a +4 ring of protection (right hand)
 p - a ring of resist corrosion
 r - the ring "Xuacvish" (left hand) {Fly rF+}
   (You acquired it on level 9 of the Dungeon)

   [ring of flight]

   rF:        It protects you from fire.
   Fly:       It grants you flight.
 E - a ring of protection from fire
 H - an amulet of the acrobat
Wands
 t - a wand of flame (15)
 u - a wand of acid (10)
 x - a wand of mindburst (11)
 F - a wand of iceblast (22)
Scrolls
 j - a scroll of blinking
 m - 4 scrolls of amnesia
 s - 3 scrolls of teleportation
 y - 2 scrolls of magic mapping
 B - 3 scrolls of identify
Potions
 c - 3 potions of curing
 D - a potion of brilliance
 J - a potion of haste


   Skills:
 - Level 3.0 Fighting
 - Level 0.1 Short Blades
 - Level 0.8(7.5) Maces & Flails
 * Level 11.6 Staves
 - Level 2.1 Dodging
 - Level 2.0 Stealth
 - Level 3.2 Spellcasting
 - Level 2.3 Conjurations
 - Level 3.6 Fire Magic
 - Level 10.0 Evocations


You had 15 spell levels left.
You knew the following spells:

 Your Spells              Type           Power      Damage    Failure   Level
a - Foxfire               Conj/Fire      84%        2x1d8     100%        1

Your spell library contained the following spells:

 Spells                   Type           Power      Damage    Failure   Level
 Searing Ray              Conj           34%        3d4       100%        2
 Freeze                   Ice            16%        1d4       100%        1
 Shock                    Conj/Air       44%        1d5       100%        1
 Corpse Rot               Necr/Air       N/A        N/A       100%        2
 Poisonous Vapours        Pois/Air       14%        N/A       100%        2
 Conjure Flame            Conj/Fire      21%        6-21      100%        3
 Frozen Ramparts          Ice            8%         1d2       100%        3
 Gell's Gravitas          Tloc           2%         N/A       100%        3
 Inner Flame              Hex/Fire       15%        N/A       100%        3
 Lesser Beckoning         Tloc           2%         N/A       100%        3
 Stone Arrow              Conj/Erth      22%        3d8       100%        3
 Swiftness                Air            4%         N/A       100%        3
 Teleport Other           Tloc           4%         N/A       100%        3
 Airstrike                Air            2%         N/A       100%        4
 Animate Armour           Summ/Erth      8%         N/A       100%        4
 Hailstorm                Conj/Ice       11%        3d5       100%        4
 Sticky Flame             Conj/Fire      21%        2d4       100%        4
 Bolt of Magma            Conj/Fire/Erth 7%         4d6       100%        5
 Fireball                 Conj/Fire      10%        3d6       100%        5
 Freezing Cloud           Conj/Ice/Air   4%         6-21      100%        5
 Lehudib's Crystal Spear  Conj/Erth      5%         10d3      100%        8
 Shatter                  Erth           2%         3d6*      100%        9


Dungeon Overview and Level Annotations

Branches:
Dungeon (12/15)            Temple (1/1) D:5            Lair (0/6) D:9
    Orc (0/2) D:10

Altars:
Ashenzari
Cheibriados
Dithmenos
Elyvilon
Fedhas
Gozag
Hepliaklqana
Kikubaaqudgha
Makhleb
Nemelex Xobeh
Okawaru
Qazlal
Ru
Sif Muna
Trog
Uskayaw
Vehumet
Wu Jian
Xom
Yredelemnul
Zin
The Shining One

Shops:
D:10 :

Annotations:
D:12 Gastronok, Psyche, Urug


Innate Abilities, Weirdness & Mutations

You have hooves in place of feet.
You are partially covered in sharp spines.
You have an unusually large brain. (Int +2)
Spells you cast may paralyse adjacent enemies.
Your muscles are very strong. (Str +4)
Your spells are a little harder to cast, but a little more powerful.
You expend magic power (3 MP) to strengthen your wands.


Message History

Urug throws a javelin.
The javelin pierces through you!!
Urug throws a javelin.
The javelin pierces through you!
Urug throws a javelin.
The javelin pierces through you!
As you read the scroll of teleportation, it crumbles to dust.
You feel strangely unstable.
Found a stone staircase leading up.
Your surroundings suddenly seem different. 2 orcs and a two-headed ogre come into view.
Found 16 gold pieces.
The two-headed ogre shouts in stereo!
The orc shouts! x2; You hear a shout! x3
An orc priest comes into view. It is wielding a +0 whip.
The orc moves out of view.
An orc warrior comes into view. It is wielding a +0 mace.
Casting: Olgreb's Toxic Radiance
Press: ? - help, Q - select action, (/) - cycle Dir - look around, f - activate You begin to radiate toxic energy.
The two-headed ogre is poisoned.
The orc warrior is poisoned.
The orc is poisoned.
The orc priest is poisoned.
The orc priest looks even sicker.
The two-headed ogre looks even sicker.
Your toxic aura wanes.
The orc priest calls upon Beogh to heal the orc warrior.
The orc warrior's wounds heal themselves!
An orc wizard comes into view. It is wielding a +0 dagger.
Gastronok the Ponderous comes into view.
He is wearing a +2 hat of willpower.
Gastronok gurgles horribly!
The orc warrior looks more healthy.
You kill the orc!
Vehumet accepts your kill.
You feel your power returning.
The orc priest mumbles some strange prayers to Beogh against you.
Beogh smites you! The orc wizard casts a spell at you.
You easily resist.
You hit the two-headed ogre.
You envenom the two-headed ogre!
The two-headed ogre looks even sicker.
The two-headed ogre is heavily wounded.
Gastronok waves his eye-stalks in wide circles.
The air twists around and strikes you!!
You die...

#........
#.^......
#......w.
#........
#........
#........
#........
#........
#@.......
#O.......
#).......
#...o....
#..o.o...
#....o...
#........
#........
#.......$


You could see Gastronok, a two-headed ogre (very poisoned), an orc warrior, an
orc priest (poisoned), an orc wizard and an orc.

Vanquished Creatures
  Erolcha (D:8)
  A two-headed ogre (D:11)
  A manticore (D:11)
  2 ugly things
  3 kobold demonologists (D:11)
  An unseen horror (D:11)
  A troll (D:11)
  A wyvern (D:8)
  6 yaks (D:11)
  A steam dragon (D:8)
  3 vampire mosquitoes (D:10)
  A water moccasin (D:5)
  An ice beast (D:6)
  2 orc warriors
  2 black bears (D:6)
  2 centaurs
  3 kobold brigands
  A bullfrog (D:8)
  3 scorpions
  2 water moccasin zombies (D:5)
  4 killer bees (D:9)
  5 howler monkeys
  A bullfrog zombie (D:5)
  3 jellies
  2 hounds
  6 orc priests
  4 centaur zombies
  A gnoll shaman (D:5)
  A bullfrog skeleton (D:6)
  A centaur skeleton (D:7)
  Natasha (thrice) (D:2)
  An iguana (D:6)
  10 orc wizards
  2 killer bee zombies (D:8)
  2 howler monkey zombies (D:5)
  Robin (D:2)
  4 gnolls (D:5)
  4 adders
  A shadow imp (D:7)
  2 white imps
  An ufetubus (D:5)
  A worm (D:2)
  A dart slug (D:3)
  39 orcs
  10 bats
  4 endoplasms
  3 giant cockroaches
  14 goblins
  8 hobgoblins
  16 kobolds
  2 quokkas
  6 ball pythons
  5 rats
206 creatures vanquished.

Vanquished Creatures (others)
  156 foxfires
156 creatures vanquished.

Grand Total: 362 creatures vanquished

Notes
Turn   | Place    | Note
-------+----------+-------------------------------------------
     0 | D:1      | Malachi the Demonspawn Fire Elementalist began the quest
                  | for the Orb.
     0 | D:1      | Reached XP level 1. HP: 13/13 MP: 3/3
    84 | D:1      | You fall into a shaft and drop 1 floor!
   591 | D:2      | Gained mutation: You have large cloven feet. [demonic
                  | ancestry]
   591 | D:2      | Reached XP level 2. HP: 19/19 MP: 1/5
   591 | D:2      | Noticed Robin
  2222 | D:2      | Reached XP level 3. HP: 24/24 MP: 2/6
  2425 | D:2      | Noticed Natasha
  2438 | D:2      | Killed Natasha
  2526 | D:2      | Noticed Natasha
  2537 | D:2      | Killed Natasha
  2538 | D:2      | Reached XP level 4. HP: 8/31 MP: 1/8
  2956 | D:2      | Found an opulent altar of Gozag.
  3170 | D:2      | Noticed Natasha
  3174 | D:2      | Killed Natasha
  3288 | D:2      | Killed Robin
  3289 | D:2      | Reached XP level 5. HP: 11/36 MP: 1/9
  3770 | D:1      | You fall into a shaft and drop 1 floor!
  4008 | D:1      | Found a faded altar of an unknown god.
  4262 | D:4      | Found the +9 staff of Olgreb {rPois∞}
  4558 | D:4      | Reached skill level 1 in Fighting
  4558 | D:4      | Reached skill level 1 in Evocations
  4890 | D:4      | Found a hide-covered altar of Uskayaw.
  5207 | D:5      | Entered Level 5 of the Dungeon
  5224 | D:5      | Reached XP level 6. HP: 28/44 MP: 10/10
  5748 | D:5      | Found a stormy altar of Qazlal.
  5749 | D:5      | Found an ornate altar of the Wu Jian Council.
  5968 | D:5      | Found an iron altar of Okawaru.
  6073 | D:5      | Noticed a water moccasin
  6093 | D:5      | Killed a water moccasin
  6094 | D:5      | Gained mutation: You have hoof-like feet. [demonic
                  | ancestry]
  6094 | D:5      | Reached XP level 7. HP: 38/52 MP: 7/11
  6249 | D:5      | Found a staircase to the Ecumenical Temple.
  6266 | Temple   | Entered the Ecumenical Temple
  6448 | Temple   | Became a worshipper of Vehumet
  6629 | D:5      | Reached skill level 1 in Staves
  6883 | D:5      | Found a basalt altar of Yredelemnul.
  6944 | D:5      | Reached skill level 2 in Staves
  6944 | D:5      | Reached skill level 5 in Evocations
  7606 | D:6      | Identified the +5 quarterstaff "Giantbane" {elec, rPois
                  | rN+++ Int+4 Dex-2}
  8116 | D:6      | Reached skill level 3 in Staves
  8143 | D:6      | Found a glowing drain.
  8170 | D:6      | Gained mutation: You have hooves in place of feet. [demonic
                  | ancestry]
  8170 | D:6      | Reached XP level 8. HP: 58/58 MP: 7/12
  8601 | D:6      | Identified the +2 pair of boots of Terror {rC++ Will+
                  | Str-5}
  8641 | D:6      | Reached skill level 4 in Staves
  9215 | D:7      | Identified the +2 flail of Stickiness {flame, rF+ Dex-5
                  | SInv}
  9453 | D:7      | Found a hazy altar of Hepliaklqana.
  9583 | D:7      | Found a blossoming altar of Fedhas.
  9999 | D:8      | Reached * piety under Vehumet
  9999 | D:8      | Offered knowledge of Sandblast by Vehumet.
 10002 | D:8      | Reached skill level 5 in Staves
 10316 | D:8      | Found a broken altar of Ashenzari.
 10332 | D:8      | Gained mutation: Spells you cast may paralyse adjacent
                  | enemies. [demonic ancestry]
 10332 | D:8      | Reached XP level 9. HP: 58/63 MP: 9/13
 10701 | D:8      | Found a burning altar of Makhleb.
 10746 | D:8      | Reached skill level 6 in Staves
 10751 | D:8      | Gained mutation: Your magical capacity is low. (-10% MP)
                  | [potion of mutation]
 10753 | D:8      | HP: 3/63 [steam dragon/ball of steam (6)]
 10759 | D:8      | HP: 4/94 [steam dragon (2)]
 11688 | D:9      | Noticed Erolcha
 11986 | D:8      | Killed Erolcha
 11987 | D:8      | Reached skill level 7 in Staves
 12267 | D:8      | Lost mutation: Your magical capacity is low. (-10% MP)
                  | [potion of mutation]
 12267 | D:8      | Gained mutation: You are agile. (Dex +2) [potion of
                  | mutation]
 12267 | D:8      | Gained mutation: You sometimes lose the ability to read
                  | scrolls when taking damage. [potion of mutation]
 12267 | D:8      | Gained mutation: You are frail. (-10% HP) [potion of
                  | mutation]
 12267 | D:8      | Gained mutation: Your spells are a little harder to cast,
                  | but a little more powerful. [potion of mutation]
 12301 | D:9      | Found a staircase to the Lair.
 13054 | D:9      | Identified a scroll of acquirement
 13054 | D:9      | Acquired the ring "Xuacvish" {Fly rF+}
 13492 | D:10     | Entered Level 10 of the Dungeon
 13579 | D:10     | Found a sacrificial altar of Ru.
 13701 | D:10     | Found Xihuyfaa's Book Shop.
 13716 | D:10     | Noticed a cyan ugly thing
 13727 | D:10     | Killed a cyan ugly thing
 13728 | D:10     | Reached skill level 8 in Staves
 13728 | D:10     | Gained mutation: You are partially covered in sharp spines.
                  | [demonic ancestry]
 13728 | D:10     | Reached XP level 10. HP: 37/63 MP: 12/14
 14175 | D:10     | Reached skill level 10 in Evocations
 14313 | D:10     | Found a staircase to the Orcish Mines.
 14424 | D:10     | Reached ** piety under Vehumet
 14430 | D:10     | Offered knowledge of Static Discharge by Vehumet.
 14536 | D:11     | Acquired the +1 cloak of Hide-and-Seek {rF++}
 14572 | D:11     | Noticed a two-headed ogre
 14589 | D:11     | Killed a two-headed ogre
 14590 | D:11     | Reached skill level 9 in Staves
 14828 | D:11     | Reached skill level 10 in Staves
 14910 | D:11     | Noticed a manticore
 14914 | D:11     | Killed a manticore
 15108 | D:11     | Reached skill level 11 in Staves
 15113 | D:11     | Gained mutation: You have an unusually large brain. (Int
                  | +2) [demonic ancestry]
 15113 | D:11     | Reached XP level 11. HP: 67/67 MP: 15/15
 15136 | D:11     | Noticed a cyan ugly thing
 15152 | D:11     | Killed a cyan ugly thing
 15168 | D:11     | Offered knowledge of Searing Ray by Vehumet.
 15305 | D:11     | Lost mutation: You are frail. (-10% HP) [potion of
                  | mutation]
 15305 | D:11     | Lost mutation: You are agile. (Dex +2) [potion of mutation]
 15305 | D:11     | Lost mutation: You sometimes lose the ability to read
                  | scrolls when taking damage. [potion of mutation]
 15305 | D:11     | Gained mutation: Your muscles are strong. (Str +2) [potion
                  | of mutation]
 15305 | D:11     | Gained mutation: You expend magic power (3 MP) to
                  | strengthen your wands. [potion of mutation]
 15305 | D:11     | Gained mutation: Your muscles are very strong. (Str +4)
                  | [potion of mutation]
 15740 | D:12     | Noticed Urug
 15740 | D:12     | Noticed Psyche
 15752 | D:12     | Noticed a two-headed ogre
 15758 | D:12     | Noticed Gastronok
 15761 | D:12     | Killed from afar by Gastronok

Illustrated notes

Levels and vault maps discovered:
D:1:      lightli_arrival_lavapool, layout_rooms,
          shapermc_ecumenical_altar_notcrosses, minmay_misc_feat_hallway
D:2:      layout_basic, basic_altar, uniq_robin, uniq_natasha
D:3:      layout_basic
D:4:      layout_basic, overflow_temple_1_default
D:5:      layout_layer_cave, mainiacjoe_overflow_brackets,
          nicolae_yredelemnul_corpse_copse, grunt_temple_overflow_open,
          minmay_temple_entry_offerings
D:6:      layout_basic, zin_treasury, tso_metal_star, portal_sewer_entry_d,
          hex_tiny
D:7:      layout_basic, fedhas_altar_1, general_overflow_altar
D:8:      layout_gridville, lemuel_round_altar, bloody_makhleb
D:9:      layout_cross, uniq_erolcha
D:10:     layout_roguey, nicolae_ru_awakened_eye, orc_0_dummy, serial_shops,
          shop
D:11:     layout_irregular_city, elyvilon_altar_1
D:12:     layout_long_grid, uniq_gastronok, uniq_rupert, uniq_psyche, uniq_urug
Temple:   cyrus_temple_forest

Skill      XL: |  1  2  3  4  5  6  7  8  9 10 |
---------------+-------------------------------+-----
Fire Magic     | 3 |  3.6
Dodging        | 2 |  2.1
Conjurations   | 2 |  2.3
Stealth        | 2 |  2.0
Spellcasting   | 3 |  3.2
Fighting       | 1 3 |  3.0
Evocations     | 2 4 5 7 9 10 | 10.0
Staves         | 3 5 8 11 | 11.6
Short Blades   | |  0.1
Maces & Flails | |  0.8

Action                   |  1- 3 |  4- 6 |  7- 9 | 10-12 || total
-------------------------+-------+-------+-------+-------++-------
Melee: Dagger            |    10 |    44 |       |       ||    54
       Kick              |     1 |       |    16 |    12 ||    29
       Unarmed           |     1 |       |       |       ||     1
       Whip              |     8 |       |       |       ||     8
       Staff             |       |    31 |   149 |    75 ||   255
       Quarterstaff      |       |       |     8 |       ||     8
 Cast: Foxfire           |    51 |    40 |       |       ||    91
Evoke: Staff of Olgreb   |       |    25 |    49 |    24 ||    98
       Wand              |       |       |     1 |       ||     1
  Use: Scroll            |       |     5 |     7 |     5 ||    17
       Potion            |       |     1 |    16 |     1 ||    18
 Stab: Sleeping          |       |     3 |     2 |       ||     5
Armor: Robe              |     9 |    27 |    40 |       ||    76
       Plate armour      |       |       |    18 |    42 ||    60
       Skin              |       |       |    18 |       ||    18
Dodge: Dodged            |    17 |    72 |   101 |     2 ||   192
